 Dungeon Crawl Stone Soup version bcrawl-1.21.3 (webtiles) character file.

Game seed: 4954736941882499427

250 Artagas the Grave Robber (level 5, -3/41 HPs)
             Began as a Mummy Necromancer on Mar 24, 2020.
             Slain by an orc warrior
             ... wielding a +0 mace
              (18 damage)
             ... on level 3 of the Dungeon.
             The game lasted 00:12:14 (4648 turns).

Artagas the Grave Robber (Mummy Necromancer)        Turns: 4648, Time: 00:12:15

Health: -3/41      AC:  4    Str: 11    XL:     5   Next: 88%
Magic:  0/9        EV: 12    Int: 15    God:
Gold:   189        SH:  0    Dex: 13    Spells: 1/10 levels left

rFire    x . .     SeeInvis .   b - +1 hunting sling
rCold    + . .     Gourm    .   (no shield)
rNeg     + + +     Faith    .   l - +0 robe
rPois    ∞         Spirit   .   h - +0 helmet
rElec    .         Reflect  .   (no cloak)
rCorr    .         Harm     .   e - +0 pair of gloves
MR       .....     Clarity  +   (no boots)
Stlth    ++........             (no amulet)
HPRegen  0.13/turn              (no ring)
MPRegen  0.11/turn              (no ring)

@: no status effects
A: no food or potions, fire vulnerability, clarity, cold resistance 1, negative
energy resistance 3, torment resistance, unbreathing
a: no special abilities


You were on level 3 of the Dungeon.
You were not hungry.

You visited 1 branch of the dungeon, and saw 4 of its levels.

You collected 189 gold pieces.

Inventory:

Hand Weapons
 a - a +1 dagger
 b - a +1 hunting sling (weapon)
   (You took it off a goblin on level 2 of the Dungeon)
Missiles
 f - 16 curare-tipped needles
 k - 691 stones
 m - 502 sling bullets (quivered)
 n - 81 poisoned needles
Armour
 e - a +0 pair of gloves (worn)
   (You found it on level 1 of the Dungeon)
 h - a +0 helmet (worn)
   (You took it off Robin on level 2 of the Dungeon)
 l - a +0 robe (worn)
Scrolls
 c - 2 scrolls of remove curse {unknown}
 d - a scroll of amnesia {unknown}
 g - 2 scrolls of identify {unknown}
 i - a scroll of enchant armour {unknown}
 j - a scroll of fear {unknown}


   Skills:
 - Level 3.0 Fighting
 + Level 1.9 Dodging
 - Level 1.7 Stealth
 - Level 3.0 Spellcasting
 + Level 6.1 Necromancy


You had one spell level left.
You knew the following spells:

 Your Spells              Type           Power        Failure   Level  Hunger
a - Animate Skeleton      Necr           N/A          1%          1    N/A
b - Pain                  Necr           ###...       1%          1    N/A
c - Vampiric Draining     Necr           ###.......   4%          3    N/A
d - Animate Dead          Necr           N/A          16%         4    N/A

Your spell library contained the following spells:

 Spells                   Type           Power        Failure   Level  Hunger
 Bolt of Draining         Conj/Necr      ##........   85%         5    N/A
 Regeneration             Chrm/Necr      Unusable     N/A         3    N/A

Dungeon Overview and Level Annotations

Branches:
Dungeon (4/12)
 Temple: D:4-7

Altars:
Hepliaklqana
Okawaru
Uskayaw

Annotations:
D:2 1 runed door


Innate Abilities, Weirdness & Mutations

You do not eat or drink.
Your flesh is vulnerable to fire.
You are immune to poison.
You possess an exceptional clarity of mind.
Your flesh is cold resistant. (rC+)
You are immune to negative energy. (rN+++)
You are immune to unholy pain and torment.
You can survive without breathing.


Message History

You shoot a sling bullet. The sling bullet hits the orc!
You kill the orc!
Firing (i - inventory. (/) - cycle)
m - 505 sling bullets (quivered)
Press: ? - help, Shift-Dir - straight line, f - orc
Aim: an orc, wielding a +0 club and wearing a +0 ring mail You shoot a sling bullet.
The sling bullet hits the orc.
The orc is severely wounded.
The orc hits you with a +0 club.
Firing (i - inventory. (/) - cycle)
m - 504 sling bullets (quivered)
Press: ? - help, Shift-Dir - straight line, f/p - orc
Aim: an orc, wielding a +0 club and wearing a +0 ring mail (severely wounded)
You shoot a sling bullet.
The sling bullet hits the orc but does no damage.
The orc is severely wounded.
The orc hits you with a +0 club. The orc hits you but does no damage.
Firing (i - inventory. (/) - cycle)
m - 503 sling bullets (quivered)
Press: ? - help, Shift-Dir - straight line, f/p - orc
Aim: an orc, wielding a +0 club and wearing a +0 ring mail (severely wounded)
You shoot a sling bullet. The sling bullet hits the orc!
You kill the orc!
No target in view!
There is an open door here.
Things that are here:
a +0 club; a +0 ring mail x2
You start resting.
Magic restored.
HP restored.
There is a stone staircase leading down here.
You climb downwards.
The orc warrior hits you with a +0 mace!
There is a stone staircase leading up here.
The orc warrior hits you but does no damage.
You climb upwards.
There is a stone staircase leading down here.
Casting: Pain (safe; 1% risk of failure)
Confirm with . or Enter, or press ? or * to list all spells.
Aiming: Vampiric Draining (safe; 4% risk of failure)
Press: ? - help, Shift-Dir - straight line, f - orc warrior
Aim: an orc warrior, wielding a +0 mace and wearing a +0 chain mail The orc warrior is lightly wounded.
You feel life coursing into your body.
The orc warrior hits you with a +0 mace!
Casting: Vampiric Draining (safe; 4% risk of failure)
Confirm with . or Enter, or press ? or * to list all spells.
Aiming: Vampiric Draining (safe; 4% risk of failure)
Press: ? - help, Shift-Dir - straight line, f/p - orc warrior
Aim: an orc warrior, wielding a +0 mace and wearing a +0 chain mail (lightly wounded)
The orc warrior is heavily wounded.
You feel life coursing into your body.
The orc warrior hits you with a +0 mace!
You aren't carrying any items that you can evoke.
Casting: Vampiric Draining (safe; 4% risk of failure)
Confirm with . or Enter, or press ? or * to list all spells.
Aiming: Vampiric Draining (safe; 4% risk of failure)
Press: ? - help, Shift-Dir - straight line, f/p - orc warrior
Aim: an orc warrior, wielding a +0 mace and wearing a +0 chain mail (heavily wounded)
The orc warrior is severely wounded.
You feel life coursing into your body.
There is an open door here.
Things that are here:
a +0 ring mail; a +0 club; a +0 ring mail The orc warrior misses you.
You aren't carrying any items that you can evoke.
Unknown command.
Casting: Vampiric Draining (safe; 4% risk of failure)
Confirm with . or Enter, or press ? or * to list all spells.
Okay, then.
Casting: Vampiric Draining (safe; 4% risk of failure)
Confirm with . or Enter, or press ? or * to list all spells.
Okay, then.
An orc warrior is nearby!
Casting: Vampiric Draining (safe; 4% risk of failure)
Confirm with . or Enter, or press ? or * to list all spells.
Okay, then.
Casting: Vampiric Draining (safe; 4% risk of failure)
Confirm with . or Enter, or press ? or * to list all spells.
Aiming: Pain (safe; 1% risk of failure)
Press: ? - help, Shift-Dir - straight line, f/p - orc warrior
Aim: an orc warrior, wielding a +0 mace and wearing a +0 chain mail (severely wounded, chance to defeat MR: 80%)
The orc warrior barely resists.
Casting: Pain (safe; 1% risk of failure)
Confirm with . or Enter, or press ? or * to list all spells.
You don't have enough magic to cast that spell.
Unknown command.
Casting: Pain (safe; 1% risk of failure)
Confirm with . or Enter, or press ? or * to list all spells.
Aiming: Vampiric Draining (safe; 4% risk of failure)
Press: ? - help, Shift-Dir - straight line, f/p - orc warrior
Aim: an orc warrior, wielding a +0 mace and wearing a +0 chain mail (severely wounded)
The orc warrior is almost dead.
You feel life coursing into your body.
The orc warrior hits you with a +0 mace!
Casting: Vampiric Draining (safe; 4% risk of failure)
Confirm with . or Enter, or press ? or * to list all spells.
Aiming: Pain (safe; 1% risk of failure)
Press: ? - help, Shift-Dir - straight line, f/p - orc warrior
Aim: an orc warrior, wielding a +0 mace and wearing a +0 chain mail (almost dead, chance to defeat MR: 80%)
The orc warrior barely resists.
The orc warrior hits you with a +0 mace!!
You die...

#.#### ##.....## ###.## #.##.##
##.......## ##.#..#
#.#...####.........####...#.####
##........'.........[............
......)##...........####...#.####
##..#.###.##..>....## ##.##.#
#..#####.###.....## ###..#
#..####.........## #.##
#....##.###'###@# #.# ##.#....#
#.# #o######## #.#
###.#.#..###.###........# #.#
....#.##.'.._###..#####.# #.#
#####.##.###.###..# #.# #.#
##.#..# #.# #..#####.# #.#
#.....###+###.....##.# #.#
##.#..............##.###.#
#############...........#


You could see an orc warrior.

Vanquished Creatures
  An orc priest (D:2)
  An orc wizard (D:4)
  Natasha (twice) (D:3)
  Robin (D:2)
  A gnoll (D:3)
  An ooze (D:2)
  2 worms
  3 dart slugs
  14 leopard geckos
  11 orcs
  5 bats
  6 giant cockroaches
  9 goblins
  11 hobgoblins
  A quokka (D:2)
  7 kobolds
  2 rats (D:2)
78 creatures vanquished.

Notes
Turn   | Place    | Note
-------+----------+-------------------------------------------
     0 | D:1      | Artagas the Mummy Necromancer began the quest for the Orb.
     0 | D:1      | Reached XP level 1. HP: 13/13 MP: 4/4
    90 | D:1      | Reached skill level 3 in Spellcasting
   135 | D:1      | Reached XP level 2. HP: 19/19 MP: 0/6
   686 | D:1      | Reached XP level 3. HP: 24/24 MP: 3/7
   731 | D:1      | Learned a level 3 spell: Vampiric Draining
   993 | D:2      | Reached skill level 5 in Necromancy
  1687 | D:2      | Found a runed door.
  1766 | D:2      | Noticed Robin
  1818 | D:2      | Killed Robin
  1818 | D:2      | Reached XP level 4. HP: 30/30 MP: 2/8
  1940 | D:2      | Found a hazy altar of Hepliaklqana.
  1941 | D:2      | Found an iron altar of Okawaru.
  2793 | D:2      | Learned a level 4 spell: Animate Dead
  3064 | D:2      | Reached skill level 1 in Fighting
  3226 | D:3      | Found an iron altar of Okawaru.
  3355 | D:3      | Reached skill level 6 in Necromancy
  3504 | D:3      | Reached XP level 5. HP: 32/37 MP: 6/9
  3679 | D:3      | Noticed Natasha
  3684 | D:3      | Killed Natasha
  3684 | D:3      | Reached skill level 2 in Fighting
  3970 | D:3      | Noticed Natasha
  3985 | D:3      | Killed Natasha
  4091 | D:3      | Found a hide-covered altar of Uskayaw.
  4393 | D:3      | Reached skill level 3 in Fighting
  4492 | D:4      | Noticed an orc warrior
  4648 | D:3      | Slain by an orc warrior

Skill      XL: |  1  2  3  4  5 |
---------------+----------------+-----
Spellcasting   | 3 |  3.0
Necromancy     | 5 6 |  6.1
Fighting       | 1 3 |  3.0
Dodging        | |  1.9
Stealth        | |  1.7

Action                   |  1- 3 |  4- 6 || total
-------------------------+-------+-------++-------
Melee: Dagger            |     3 |     4 ||     7
 Fire: Hunting sling     |       |    24 ||    24
 Cast: Pain              |    86 |    70 ||   156
       Animate Skeleton  |       |     8 ||     8
       Vampiric Draining |       |    10 ||    10
       Animate Dead      |       |     1 ||     1
  Use: Scroll            |       |     3 ||     3
Armor: Robe              |     1 |     6 ||     7
Dodge: Dodged            |     3 |    25 ||    28

Levels and vault maps discovered:
D:1:      lightli_arrival_quake, layout_rooms
D:2:      layout_basic, grunt_temple_overflow_open, kennysheep_cluttered_room,
          minmay_unequal, uniq_robin, uniq_crazy_yiuf_cottage
D:3:      layout_loops_corners, lemuel_doored_altar, gup_sewer_entry_pipe,
          okawaru_metal_pillars_1_2, uniq_natasha
D:4:      layout_basic, bloody_trog, first_ration, uniq_pikel, uniq_eustachio

Table legend:
 A = Turns spent in this place as a percentage of turns spent in the entire game.
 B = Non-inter-level travel turns spent in this place as a percentage of non-inter-level travel turns spent in the entire game.
 C = Inter-level travel turns spent in this place as a percentage of turns spent in this place.
 D = Turns resting spent in this place as a percentage of non-inter-level travel turns spent in this place.
 E = Turns spent auto-exploring this place as a percentage of non-inter-level travel turns spent in this place.
 F = Non-inter-level travel turns spent in this place divided by the number of levels of this place that you've seen.
                   A       B       C       D       E      F
               +-------+-------+-------+-------+-------+----------------------
         Total | 100.0 | 100.0 |   6.0 |  27.7 |  54.6 | 1092.0
       Dungeon | 100.0 | 100.0 |   6.0 |  27.7 |  54.6 | 1092.0
               +-------+-------+-------+-------+-------+----------------------

Table legend:
 A = Kills in this place as a percentage of kills in entire the game.
 B = Kills by you in this place as a percentage of kills by you in the entire game.
 C = Kills by friends in this place as a percentage of kills by friends in the entire game.
 D = Other kills in this place as a percentage of other kills in the entire game.
 E = Experience gained in this place as a percentage of experience gained in the entire game.
 F = Experience gained in this place divided by the number of levels of this place that you have seen.
                   A       B       C       D       E      F
               +-------+-------+-------+-------+-------+----------------------
         Total | 100.0 | 100.0 |   N/A |   N/A | 100.0 |  89.5
       Dungeon | 100.0 | 100.0 |   N/A |   N/A | 100.0 |  89.5
               +-------+-------+-------+-------+-------+----------------------
